 Dungeon Crawl Stone Soup version 0.18.1-48-g4cf74bf (webtiles) character file.

81 PossumBlood the Conjurer (level 4, -1/24 HPs)
             Began as a Deep Elf Conjurer on Aug 25, 2016.
             Slain by Crazy Yiuf
             ... wielding a +3 quarterstaff of chaos
              (2 damage)
             ... on level 2 of the Dungeon.
             The game lasted 00:03:48 (1709 turns).

PossumBlood the Conjurer (Deep Elf Conjurer)        Turns: 1709, Time: 00:03:48

Health: -1/24      AC:  3    Str:  5    XL:     4   Next: 19%
Magic:  5/12       EV: 13    Int: 21    God:
Gold:   114        SH:  0    Dex: 15    Spells: 2 memorised, 9 levels left

rFire  . . .     SeeInvis .     i - +0 short sword
rCold  . . .     Gourm    .     a - +1 robe
rNeg   . . .     Faith    .     (no shield)
rPois  .         Spirit   .     (no helmet)
rElec  .         Dismiss  .     (no cloak)
rCorr  .         Reflect  .     (no gloves)
SustAt .         Harm     .     (no boots)
MR     .....                    (no amulet)
Stlth  ++........               (no ring)
                                (no ring)

@: lethally poisoned (-1 -> -18), not resistant to hostile enchantments,
unstealthy
A: no striking features
a: no special abilities


You were on level 2 of the Dungeon.
You were not hungry.

You visited 1 branch of the dungeon, and saw 2 of its levels.

You collected 114 gold pieces.

Inventory:

Hand Weapons
 i - a +0 short sword (weapon)
Armour
 a - a +1 robe (worn)
Scrolls
 e - a scroll of identify
Potions
 d - 2 potions of lignification {unknown}
 h - a potion of curing
 j - a potion of haste {unknown}
Books
 b - a book of Conjurations

   Spells                             Type                      Level
   a - Magic Dart                     Conjuration                  1
   b - Searing Ray                    Conjuration                  2
   c - Dazzling Spray                 Conjuration/Hexes            3
   d - Fulminant Prism                Conjuration/Hexes            4
   e - Iskenderun's Mystic Blast      Conjuration                  4
   f - Iskenderun's Battlesphere      Conjuration/Charms           5
Comestibles
 c - 3 bread rations
 f - 2 fruits
 g - 4 meat rations


   Skills:
 - Level 2.4 Dodging
 - Level 2.4 Stealth
 + Level 4.9 Spellcasting
 + Level 5.3 Conjurations


You had 9 spell levels left.
You knew the following spells:

 Your Spells              Type           Power        Failure   Level  Hunger
a - Magic Dart            Conj           ####         1%          1    None
b - Searing Ray           Conj           ####..       1%          2    None


Dungeon Overview and Level Annotations

Branches:
Dungeon (2/15)

Altars:

Annotations:
D:2 Crazy Yiuf


Message History

Casting: Magic Dart
Confirm with . or Enter, or press ? or * to list all spells.
Aiming: Magic Dart
Press: ? - help, Shift-Dir - straight line, f/p - Crazy Yiuf
Aim: Crazy Yiuf, wielding a quarterstaff of chaos and wearing an embroidered cloak (severely wounded)
The magic dart hits Crazy Yiuf.
Crazy Yiuf is severely wounded.
You feel sick. Crazy Yiuf hits you but does no damage.
You are more poisoned.
Casting: Magic Dart
Confirm with . or Enter, or press ? or * to list all spells.
Aiming: Magic Dart
Press: ? - help, Shift-Dir - straight line, f/p - Crazy Yiuf
Aim: Crazy Yiuf, wielding a quarterstaff of chaos and wearing an embroidered cloak (severely wounded)
The magic dart hits Crazy Yiuf.
Crazy Yiuf is almost dead.
You feel sick.
Crazy Yiuf hits you with a quarterstaff of chaos!
* * * LOW HITPOINT WARNING * * *
You die...

#### #... ###
♣♣#########... #)..#
♣♣P...#........
#.....♣♣♣♣PP.....####...
♣g@♣.P......#......
♣♣♣.♣.....#.#.##.##
♣♣♣♣♣##.#.#..#.##
#.+........ #.#.##<#.##
### ####'####...
....##........##.
..............##.
.....#........###


You could see Crazy Yiuf.

Vanquished Creatures
  Jessica (D:2)
  An adder (D:2)
  2 oozes
  2 worms (D:2)
  A dart slug (D:2)
  A bat (D:1)
  A giant cockroach (D:2)
  3 goblins
  2 hobgoblins (D:2)
  4 jackals (D:1)
  A quokka (D:2)
  2 giant newts
  6 kobolds
  3 rats (D:2)
30 creatures vanquished.

Notes
Turn   | Place    | Note
--------------------------------------------------------------
     0 | D:1      | PossumBlood the Deep Elf Conjurer began the quest for the Orb.
     0 | D:1      | Reached XP level 1. HP: 10/10 MP: 6/6
   159 | D:1      | Reached XP level 2. HP: 15/15 MP: 0/8
  1028 | D:2      | Noticed Jessica
  1033 | D:2      | Killed Jessica
  1033 | D:2      | Reached skill level 5 in Conjurations
  1033 | D:2      | Reached XP level 3. HP: 19/19 MP: 2/10
  1375 | D:2      | Learned a level 2 spell: Searing Ray
  1449 | D:2      | Reached XP level 4. HP: 24/24 MP: 1/12
  1700 | D:2      | Noticed Crazy Yiuf
  1709 | D:2      | HP: 1/24 [Crazy Yiuf/quarterstaff of chaos (7)]
  1709 | D:2      | Slain by Crazy Yiuf

Skill      XL: |  1  2 |
---------------+-------+-----
Spellcasting   | 4 |  4.9
Conjurations   | 5 |  5.3
Dodging        | |  2.4
Stealth        | |  2.4

Action                   |  1- 3 |  4- 6 || total
-------------------------+-------+-------++-------
Melee: Unarmed           |    12 |       ||    12
       Whip              |     6 |       ||     6
 Cast: Magic Dart        |    58 |    17 ||    75
  Use: Scroll            |     6 |       ||     6
  Eat: Fruit             |     2 |     1 ||     3
Armor: Robe              |     4 |       ||     4
Dodge: Dodged            |    15 |     2 ||    17
